 Seeded DCSS version 0.29-a0-575-g0dc89cf053 (webtiles) character file.

Game seed: 31415926535 (custom seed)

74 donath the Sneak (level 4, -3/35 HPs)
             Began as a Demonspawn Delver on June 12, 2022.
             Killed from afar by a steam dragon (15 damage)
             ... with a ball of steam
             ... on level 6 of the Dungeon.
             The game lasted 00:06:15 (326 turns).

donath the Sneak (Demonspawn Delver)                 Turns: 326, Time: 00:06:17

Health: -3/35      AC:  3    Str: 12    XL:     4   Next: 10%
Magic:  4/4        EV: 13    Int: 14    God:
Gold:   25         SH:  0    Dex: 14    Spells: 2/3 levels left

rFire   . . .      SeeInvis .   a - +0 hand axe
rCold   . . .      Faith    .   (no shield)
rNeg    . . .      Spirit   .   b - +0 leather armour
rPois   .          Reflect  .   (helmet restricted)
rElec   .          Harm     .   (no cloak)
rCorr   .          Rampage  .   (no gloves)
Will    .....                   (no boots)
Stlth   ++........              (no amulet)
HPRegen 0.11/turn               (no ring)
MPRegen 0.09/turn               (no ring)

@: hasted (expiring), very quick
A: antennae 1, repulsion field 1
a: no special abilities


You were on level 6 of the Dungeon.
You visited 1 branch of the dungeon, and saw 3 of its levels.

You collected 25 gold pieces.

Inventory:

Hand Weapons
 a - a +0 hand axe (weapon)
Armour
 b - a +0 leather armour (worn)
Wands
 g - a wand of digging (3)
 k - a wand of charming (6)
Scrolls
 c - a scroll of fog
 d - a scroll of magic mapping
 e - a scroll of fear
 h - a scroll of teleportation {unknown}
 j - a scroll of enchant armour {unknown}
Potions
 i - a potion of lignification {unknown}


   Skills:
 - Level 3.0 Fighting
 * Level 4.0 Axes
 * Level 1.7 Dodging
 - Level 4.5 Stealth
 + Level 0.4 Poison Magic


You had 2 spell levels left.
You knew the following spells:

 Your Spells              Type           Power      Damage    Failure   Level
a - Magic Dart            Conj           0%         1d3       36%         1

Your spell library contained the following spells:

 Spells                   Type           Power      Damage    Failure   Level
 Call Imp                 Summ           0%         N/A       50%         2
 Mephitic Cloud           Conj/Pois/Air  0%         N/A       71%         3


Dungeon Overview and Level Annotations

Branches:
Dungeon (7/15)
 Temple: D:4-7

Altars:
Hepliaklqana
Uskayaw

Shops:
D:6 [


Innate Abilities, Weirdness & Mutations

You have a pair of small antennae on your head.
You are surrounded by a mild repulsion field. (EV +2)


Message History

Your Axes skill gained 3 levels and is now at level 4!
You have reached level 2!
Your demonic ancestry asserts itself...
You begin to radiate repulsive energy.
You have reached level 3!
Your experience leads to an increase in your attributes!
Increase (S)trength, (I)ntelligence, or (D)exterity?
You feel clever. x2; Your demonic ancestry asserts itself...
A pair of antennae grows on your head!
You have reached level 4!
You feel clever.
Okay, then.
Memorise Magic Dart, consuming 1 spell level and leaving 2?
You start memorising the spell.
You continue memorising.
You finish memorising.
Spell assigned to 'a'.
Found a glowing yellow potion.
Found a glowing yellow potion.
You open the door.
An orc and a spectral orc come into view.
Found a hazy altar of Hepliaklqana.
What are your orders? t - Shout!
Orders for allies: a - Attack new target. p - Attack previous target. r - Retreat! s - Stop attacking. g - Guard the area. f - Follow me.
Anything else - Cancel.
You shout for attention!
Your extra speed is starting to run out.
The orc shouts!
You hear a shout!
A shadow imp comes into view.
You hit the spectral orc.
The spectral orc is lightly damaged.
You hit the spectral orc.
The spectral orc is heavily damaged.
The steam dragon is no longer charmed.
Your scorpion stings the spectral orc.
The steam dragon breathes steam at you. The ball of steam hits your scorpion!
Your scorpion dies!
The ball of steam hits you!
You die...

........# ....!....##.
.....!..... .............
...........5# ...........#
#### ####.####....# ≈≈≈≈≈
#.....††#...@#{.....
####.......#...§Z....._
#..#..†.†..#...D#...... #
......_........##≈≈≈≈≈ ####
###+#.....†.#....#########..#
##..#.......#....#..........#
....#.......#######..########
....####.######..##..##
##.....#.........#....#


You could see a spectral orc (unaware), a steam dragon (catching breath) and a
shadow imp.

Vanquished Creatures (collateral kills)
  A phantom (D:6)
1 creature vanquished.

Vanquished Creatures (others)
  A scorpion (D:6)
1 creature vanquished.

Grand Total: 2 creatures vanquished

Notes
Turn   | Place    | Note
-------+----------+-------------------------------------------
     0 | D:5      | donath the Demonspawn Delver began the quest for the Orb.
     0 | D:5      | Reached XP level 1. HP: 18/18 MP: 1/1
   123 | D:6      | Found Enwituta's Antique Armour Boutique.
   139 | D:6      | Noticed a steam dragon
   188 | D:7      | Noticed a bullfrog
   256 | D:5      | Noticed a phantom
   256 | D:5      | Noticed a jelly
   285 | D:6      | Found a hide-covered altar of Uskayaw.
   286 | D:6      | Noticed a scorpion
   310 | D:6      | Killed a phantom
   311 | D:6      | Gained mutation: You are surrounded by a mild repulsion
                  | field. (EV +2) [demonic ancestry]
   311 | D:6      | Reached XP level 2. HP: 7/24 MP: 2/2
   311 | D:6      | Gained mutation: You have a pair of small antennae on your
                  | head. [demonic ancestry]
   311 | D:6      | Reached XP level 3. HP: 9/29 MP: 3/3
   311 | D:6      | Reached XP level 4. HP: 11/35 MP: 4/4
   313 | D:6      | Learned a level 1 spell: Magic Dart
   320 | D:6      | Found a hazy altar of Hepliaklqana.
   326 | D:6      | Killed from afar by a steam dragon

Illustrated notes

Levels and vault maps discovered:
D:5:      minmay_angry_zag, layout_basic, xom_teletrap_fun, okawaru_trees_2
D:6:      layout_gridville, nicolae_hepliaklqana_monster_ancestors,
          nicolae_uskayaw_murder_on_the_dancefloor, serial_shops, shop, shop,
          nicolae_shop_overgrown_old_shop, nicolae_shop_hallway_plus,
          nicolae_shop_hallway_stairs
D:7:      layout_rooms, temple_fountains

Skill      XL: |  1 |
---------------+----+-----
Axes           | 4 |  4.0
Fighting       | |  3.0
Dodging        | |  1.7
Stealth        | |  4.5
Poison Magic   | |  0.4

Action                   |  1- 3 |  4- 6 || total
-------------------------+-------+-------++-------
Melee: Hand axe          |     2 |     2 ||     4
Evoke: Wand              |     2 |       ||     2
  Use: Potion            |     1 |       ||     1
Armor: Leather armour    |     1 |       ||     1
Dodge: Dodged            |     3 |       ||     3

Table legend: (Time is in decaauts)
 A = Elapsed time spent in this place.
 B = Non-inter-level travel time spent in this place.
 C = Inter-level travel time spent in this place.
 D = Time resting spent in this place.
 E = Time spent auto-exploring this place.
 F = Levels seen in this place.
 G = Mean time per level.
                   A        B        C        D        E       F      G
               +--------+--------+--------+--------+--------+-----+--------+
         Total |    309 |    309 |      0 |      0 |      0 |   3 |  103.0 |
       Dungeon |    309 |    309 |      0 |      0 |      0 |   3 |  103.0 |
               +--------+--------+--------+--------+--------+-----+--------+

Top non-repeatable levels by time:
     D:6: 197 daAuts
     D:5: 109 daAuts
     D:7: 1 daAuts
